 Dungeon Crawl Stone Soup version 0.20.1-1-g8b1a95d (webtiles) character file.

93 vishdafish the Skirmisher (level 4, -1/29 HPs)
             Began as a Gargoyle Fighter on July 6, 2017.
             Killed by nerve-wracking pain
             ... invoked by an orc priest
              (4 damage)
             ... on level 3 of the Dungeon.
             The game lasted 00:01:49 (1629 turns).

vishdafish the Skirmisher (Gargoyle Fighter)        Turns: 1629, Time: 00:01:51

Health: -1/29      AC: 10    Str: 20    XL:     4   Next: 61%
Magic:  4/4        EV:  7    Int:  9    God:
Gold:   89         SH:  9    Dex:  9    Spells: 3/3 levels left

rFire    . . .     SeeInvis .   a - +0 trident
rCold    . . .     Gourm    .   c - +0 shield
rNeg     + . .     Faith    .   b - +0 scale mail
rPois    ∞         Spirit   .   (no helmet)
rElec    +         Reflect  .   (no cloak)
rCorr    .         Harm     .   (no gloves)
MR       .....                  (no boots)
Stlth    ..........             e - amulet of regeneration
Regen    0.5/turn               (no ring)
MPRegen  0.1/turn               (no ring)

@: no status effects
A: negative energy resistance 1, electricity resistance, unbreathing,
petrification resistance, rot immunity, AC +3
a: no special abilities


You were on level 3 of the Dungeon.
You were hungry.

You visited 1 branch of the dungeon, and saw 3 of its levels.

You collected 89 gold pieces.

Inventory:

Hand Weapons
 a - a +0 trident (weapon)
Armour
 b - a +0 scale mail (worn)
 c - a +0 shield (worn)
Jewellery
 e - an amulet of regeneration (around neck)
Scrolls
 k - 2 scrolls of identify {unknown}
 l - a scroll of amnesia {unknown}
 n - 2 scrolls of fear {unknown}
 p - a scroll of random uselessness {unknown}
 s - a scroll of blinking {unknown}
Potions
 d - 2 potions of might
 h - a potion of mutation {unknown}
 j - 2 potions of curing {unknown}
 m - 2 potions of lignification {unknown}
 o - a potion of ambrosia {unknown}
 q - a potion of heal wounds {unknown}
 r - a potion of resistance {unknown}
Comestibles
 f - 5 bread rations
 g - 3 meat rations
 i - 3 royal jellies


   Skills:
 + Level 4.2 Fighting
 * Level 2.6 Polearms
 + Level 4.0 Armour
 + Level 3.7 Shields


You had 3 spell levels left.
You didn't know any spells.

Dungeon Overview and Level Annotations

Branches:
Dungeon (3/15)

Altars:


Innate Abilities, Weirdness & Mutations

You are resistant to torment.
Your stone body is resilient. (AC +3)
You are immune to poison.
You resist negative energy. (rN+)
You are resistant to electric shocks. (rElec)
You can survive without breathing.
You are immune to petrification.
You are immune to rotting.


Message History

Pain shoots through your body! You block the jackal's attack.
The rat bites you but does no damage. The orc priest barely misses you.
You closely miss the orc priest.
The orc priest is almost dead.
The jackal bites you. The rat bites you but does no damage.
You block the jackal's attack.
The orc priest calls down the wrath of Beogh upon you.
Beogh smites you!
* * * LOW HITPOINT WARNING * * *
You are too injured to fight recklessly!
You are too injured to fight recklessly!
You are too injured to fight recklessly!
You closely miss the orc priest.
The orc priest is almost dead.
The rat bites you.
* * * LOW HITPOINT WARNING * * *
The jackal barely misses you.
The orc priest calls down the wrath of Beogh upon you.
Pain shoots through your body!
You die...

#.).....#
#.......#
#.#
#.......#
#h. ..
#.(.....#
#h# .#
###'######
#g# ..#
......# #
#o# ..#
.)....#
#.#o#...#
......#
#.#r#...#
.........
#.h@oh..+
###.#####
#####.#...#
# #.#
#...#.# ..#
# #.#
##...#.# ##
###.#
+....'.####
.##.#
##...#....+
.##.#
#...#.####
.##.#
#...#.#
(.#.#
#####.#


You could see an orc priest, 2 orcs, 4 jackals, a goblin and a rat.

Vanquished Creatures
  4 adders
  An ooze (D:1)
  2 worms (D:2)
  A dart slug (D:2)
  3 leopard geckos
  2 bats (D:1)
  7 giant cockroaches
  2 goblins
  5 hobgoblins
  3 ball pythons
  2 frilled lizards
  10 kobolds
  2 rats
44 creatures vanquished.

Notes
Turn   | Place    | Note
-------+----------+-------------------------------------------
     0 | D:1      | vishdafish the Gargoyle Fighter began the quest for the Orb.
     0 | D:1      | Reached XP level 1. HP: 14/14 MP: 1/1
    65 | D:1      | Reached XP level 2. HP: 18/19 MP: 2/2
   720 | D:2      | Reached XP level 3. HP: 24/24 MP: 3/3
   823 | D:2      | Reached XP level 4. HP: 28/29 MP: 4/4
  1629 | D:3      | Killed from afar by an orc priest

Skill      XL: |  1  2  3  4 |
---------------+-------------+-----
Polearms       | 2 |  2.6
Fighting       | 4 |  4.2
Armour         | 4 |  4.0
Shields        | |  3.7

Action                   |  1- 3 |  4- 6 || total
-------------------------+-------+-------++-------
Melee: Trident           |    91 |   112 ||   203
  Eat: Chunk             |       |     2 ||     2
Armor: Scale mail        |    39 |    39 ||    78
Dodge: Dodged            |    22 |    34 ||    56
Block: Shield            |    45 |    47 ||    92
